 Dungeon Crawl Stone Soup version 0.20.0-10-g0535bb4 (webtiles) character file.

92 Gorglomux the Insei (level 4, -3/31 HPs)
             Began as an Octopode Transmuter on June 4, 2017.
             Slain by a gnoll
             ... wielding a +0 halberd
              (8 damage)
             ... on level 3 of the Dungeon.
             The game lasted 00:01:56 (3033 turns).

Gorglomux the Insei (Octopode Transmuter)           Turns: 3033, Time: 00:01:58

Health: -3/31      AC:  1    Str:  9    XL:     4   Next: 60%
Magic:  7/7        EV: 13    Int: 16    God:
Gold:   120        SH:  0    Dex: 12    Spells: 4/7 levels left

rFire    . . .     SeeInvis +     - Unarmed
rCold    . . .     Gourm    .   (no shield)
rNeg     . . .     Faith    .   (helmet restricted)
rPois    .         Spirit   .   (no amulet)
rElec    .         Reflect  .   s - ring of see invisible
rCorr    .         Harm     .   (no ring)
MR       .....                  (no ring)
Stlth    ++........             (no ring)
Regen    0.1/turn               (no ring)
MPRegen  0.1/turn               (no ring)
                                (no ring)
                                (no ring)

@: no status effects
A: almost no armour, stealthy swim, amphibious, 8 rings, constrict 8, camouflage
1, gelatinous body 1
a: no special abilities


You were on level 3 of the Dungeon.
You were not hungry.

You visited 1 branch of the dungeon, and saw 3 of its levels.

You collected 120 gold pieces.

Inventory:

Missiles
 a - 12 arrows
Magical Staves
 u - an uncursed staff of conjuration
Jewellery
 s - a ring of see invisible (left tentacle)
Scrolls
 g - a scroll of recharging {unknown}
 h - a scroll of enchant weapon {unknown}
 k - 2 scrolls of fog {unknown}
 o - 2 scrolls of remove curse {unknown}
 t - a scroll of enchant armour {unknown}
Potions
 f - 2 potions of degeneration {unknown}
 l - a potion of magic {unknown}
 m - a potion of mutation {unknown}
 n - a potion of curing {unknown}
 q - a potion of flight {unknown}
 r - a potion of resistance {unknown}
Books
 b - a book of Changes

   Spells                             Type                      Level
   a - Beastly Appendage              Transmutation                1
   b - Sticks to Snakes               Transmutation                2
   c - Spider Form                    Transmutation/Poison         3
   d - Ice Form                       Ice/Transmutation            4
   e - Blade Hands                    Transmutation                5
Comestibles
 c - a bread ration
 i - 2 fruits
 v - 2 chunks of flesh


   Skills:
 + Level 3.0 Fighting
 - Level 2.0 Dodging
 + Level 4.2 Unarmed Combat
 - Level 2.0 Spellcasting
 - Level 2.0 Transmutations


You had 4 spell levels left.
You knew the following spells:

 Your Spells              Type           Power        Failure   Level  Hunger
a - Beastly Appendage     Tmut           #.....       9%          1    #......
b - Sticks to Snakes      Tmut           #.......     14%         2    ###....


Dungeon Overview and Level Annotations

Branches:
Dungeon (3/15)

Altars:


Innate Abilities, Weirdness & Mutations

You cannot wear most types of armour.
You are very stealthy in the water. (Stealth+)
You are amphibious.
You can wear up to eight rings at the same time.
You can use your tentacles to constrict eight enemies at once.
Your skin changes colour to match your surroundings (Stealth+).
Your rubbery body absorbs attacks. (AC +1, EV +1)


Message History

The gnoll hits you from afar with a spear.
You tentacle-slap the gnoll.
The gnoll is almost dead.
You constrict the gnoll. The gnoll closely misses you.
The gnoll barely misses you. x2; The gnoll misses you.
You tentacle-slap the gnoll but do no damage.
The gnoll is almost dead.
You constrict the gnoll.
You kill the gnoll!
Your Fighting skill increases to level 3!
The gnoll closely misses you. x3
The dart slug launches a dart at you. The slug dart hits you!
You barely miss the gnoll. You grab the gnoll.
You constrict the gnoll, but do no damage.
The gnoll closely misses you.
The gnoll hits you from afar with a spear!
* * * LOW HITPOINT WARNING * * *
The gnoll hits you from afar with a halberd!
You die...

#. ... ..##..#
.......##
........##
.........# ##
.....g.w.# ##..
.......).# ##..
......gg@.# #..#
# ..........#
#..##.#
#........##
#.....
#........#####..#
.....>.<.$......#
..........##...##
..........##..##
.......<..##.##
...?......#..#


You could see 3 gnolls and a dart slug.

Vanquished Creatures
  A gnoll (D:3)
  3 adders
  An ooze (D:1)
  3 worms (D:2)
  2 dart slugs
  A leopard gecko (D:2)
  A giant cockroach (D:2)
  4 goblins
  4 hobgoblins
  A quokka (D:2)
  7 bats
  2 frilled lizards
  5 kobolds
  7 rats
42 creatures vanquished.

Notes
Turn   | Place    | Note
-------+----------+-------------------------------------------
     0 | D:1      | Gorglomux the Octopode Transmuter began the quest for the Orb.
     0 | D:1      | Reached XP level 1. HP: 13/13 MP: 3/3
   144 | D:1      | Reached XP level 2. HP: 10/18 MP: 3/5
   807 | D:1      | Reached XP level 3. HP: 10/24 MP: 1/6
  2084 | D:1      | Learned a level 2 spell: Sticks to Snakes
  2564 | D:2      | Reached skill level 4 in Unarmed Combat
  2597 | D:2      | Reached XP level 4. HP: 28/30 MP: 7/7
  3032 | D:3      | Reached skill level 3 in Fighting
  3033 | D:3      | Slain by a gnoll

Skill      XL: |  1  2  3  4 |
---------------+-------------+-----
Fighting       | 2 3 |  3.0
Unarmed Combat | 4 |  4.2
Dodging        | |  2.0
Spellcasting   | |  2.0
Transmutations | |  2.0

Action                   |  1- 3 |  4- 6 || total
-------------------------+-------+-------++-------
Melee: Unarmed           |    87 |    24 ||   111
       Constrict         |    17 |     6 ||    23
       Tentacles         |    12 |     3 ||    15
       Kick              |    18 |       ||    18
       Punch             |     5 |     2 ||     7
 Cast: Beastly Appendage |   102 |       ||   102
 Stab: Sleeping          |     9 |     3 ||    12
       Distracted        |     1 |       ||     1
  Eat: Chunk             |     7 |     2 ||     9
Armor: Skin              |    16 |     1 ||    17
Dodge: Dodged            |    54 |    20 ||    74
